 Dungeon Crawl Stone Soup version 0.21.0-22-g11d5b52 (webtiles) character file.

256 Gruud the Grave Robber (level 5, -4/35 HPs)
             Began as a Demonspawn Necromancer on Jan 18, 2018.
             Killed by divine providence
             ... invoked by an orc priest
              (14 damage)
             ... on level 4 of the Dungeon.
             The game lasted 00:11:54 (3075 turns).

Gruud the Grave Robber (Demonspawn Necromancer)     Turns: 3075, Time: 00:11:55

Health: -4/35      AC:  2    Str: 10    XL:     5   Next: 92%
Magic:  8/8        EV: 12    Int: 16    God:
Gold:   197        SH:  0    Dex: 13    Spells: 0/8 levels left

rFire    . . .     SeeInvis .   b - +0 flail (protect)
rCold    . . .     Gourm    .   (no shield)
rNeg     . . .     Faith    .   i - +0 robe
rPois    .         Spirit   .   (no helmet)
rElec    .         Reflect  .   (no cloak)
rCorr    .         Harm     .   (no gloves)
MR       .....                  (no boots)
Stlth    ++........             (no amulet)
HPRegen  0.11/turn              (no ring)
MPRegen  0.11/turn              (no ring)

@: no status effects
A: demonic guardian 1
a: no special abilities


You were on level 4 of the Dungeon.
You were not hungry.

You visited 1 branch of the dungeon, and saw 4 of its levels.

You collected 197 gold pieces.

Inventory:

Hand Weapons
 a - a +1 short sword of venom
 b - a +0 flail of protection (weapon)
 e - a +0 dagger
 l - a +0 hand axe
Missiles
 d - 31 sling bullets
 o - 4 tomahawks (quivered)
Armour
 i - a +0 robe (worn)
Scrolls
 g - a scroll of remove curse
 h - a scroll of magic mapping {unknown}
 k - 2 scrolls of immolation {unknown}
 p - 2 scrolls of teleportation {unknown}
Potions
 m - a potion of berserk rage
 q - a potion of agility
Books
 f - a book of Necromancy

   Spells                             Type                      Level
   a - Pain                           Necromancy                   1
   b - Animate Skeleton               Necromancy                   1
   c - Vampiric Draining              Necromancy                   3
   d - Regeneration                   Charms/Necromancy            3
   e - Animate Dead                   Necromancy                   4
   f - Borgnjor's Vile Clutch         Necromancy/Earth             5
Comestibles
 c - 7 rations
 n - a chunk of flesh


   Skills:
 - Level 1.7 Dodging
 - Level 1.7 Stealth
 - Level 2.0 Spellcasting
 * Level 7.9 Necromancy


You couldn't memorise any spells.
You knew the following spells:

 Your Spells              Type           Power        Failure   Level  Hunger
a - Pain                  Necr           ####         1%          1    #......
b - Animate Skeleton      Necr           N/A          1%          1    #......
c - Vampiric Draining     Necr           ####......   2%          3    ###....
d - Regeneration          Chrm/Necr      ##........   12%         3    ###....


Dungeon Overview and Level Annotations

Branches:
Dungeon (3/15)

Altars:
The Shining One


Innate Abilities, Weirdness & Mutations

A weak demonic guardian rushes to your aid.


Message History

c - 7 rations (gained 1) Some of the chunks of flesh in your inventory have rotted away.
You swap places.
You fall through a shaft!
The shaft crumbles and collapses.
Found a scale mail.
Found a stone staircase leading down. 2 orcs, an orc priest and an orc wizard come into view.
An orc is wielding a short sword of holy wrath.
The orc wizard shouts!
The orc priest shouts!
An orc comes into view. It is wielding a club.
The orc priest invokes the aid of Beogh against you.
Beogh smites you!
Found 6 large rocks.
The orc priest calls down the wrath of Beogh upon you.
Beogh smites you!
* * * LOW HITPOINT WARNING * * *
Your iron imp hits the orc priest.
The orc priest calls down the wrath of Beogh upon you.
Beogh smites you!
You die...

......#.# .. ..
....... #..# oo
...o.#####.#### #o
##......#.....## #o
###..............##
#o##......o..........#
#.#..#....5..........#
#.#.##..........(....#
#...##.........@.....#
#..###...............#
#..# ##.............##
...# ##..[..#.....##
#...# #############
#####


You could see an orc priest, an orc and a friendly iron imp.

Vanquished Creatures
  An orc priest (D:3)
  A worker ant (D:3)
  3 gnolls (D:2)
  6 adders
  2 oozes
  A worm (D:2)
  2 dart slugs
  2 leopard geckos (D:2)
  8 orcs (D:3)
  A ball python (D:2)
  9 bats
  3 giant cockroaches
  6 goblins
  6 hobgoblins
  7 jackals (D:1)
  10 kobolds
  2 quokkas
  3 frilled lizards
  8 rats
81 creatures vanquished.

Vanquished Creatures (collateral kills)
  An adder (D:2)
  A gnoll (D:2)
  4 orcs (D:3)
  A giant cockroach (D:2)
  A goblin (D:2)
  A rat (D:3)
9 creatures vanquished.

Grand Total: 90 creatures vanquished

Notes
Turn   | Place    | Note
-------+----------+-------------------------------------------
     0 | D:1      | Gruud the Demonspawn Necromancer began the quest for the Orb.
     0 | D:1      | Reached XP level 1. HP: 13/13 MP: 3/3
    68 | D:1      | Learned a level 1 spell: Animate Skeleton
   259 | D:1      | Gained mutation: A weak demonic guardian rushes to your aid. [demonic ancestry]
   259 | D:1      | Reached XP level 2. HP: 12/19 MP: 3/5
   284 | D:1      | Reached skill level 5 in Necromancy
   841 | D:1      | Reached XP level 3. HP: 19/24 MP: 1/6
  1177 | D:2      | Reached skill level 6 in Necromancy
  1186 | D:2      | Learned a level 3 spell: Vampiric Draining
  1238 | D:2      | Reached XP level 4. HP: 27/30 MP: 2/7
  2077 | D:3      | Reached skill level 7 in Necromancy
  2077 | D:3      | Reached XP level 5. HP: 12/35 MP: 0/8
  2448 | D:3      | Learned a level 3 spell: Regeneration
  2527 | D:3      | Found a glowing golden altar of the Shining One.
  3055 | D:3      | You fall through a shaft!
  3075 | D:4      | Killed from afar by an orc priest

Skill      XL: |  1  2  3  4 |
---------------+-------------+-----
Necromancy     | 5 6 7 |  7.9
Dodging        | |  1.7
Stealth        | |  1.7
Spellcasting   | |  2.0

Action                   |  1- 3 |  4- 6 || total
-------------------------+-------+-------++-------
Melee: Dagger            |     8 |       ||     8
       Short sword       |    36 |    20 ||    56
       Flail             |       |    58 ||    58
 Cast: Pain              |    48 |    48 ||    96
       Animate Skeleton  |    11 |    21 ||    32
       Vampiric Draining |       |     2 ||     2
       Regeneration      |       |     2 ||     2
  Use: Scroll            |       |     3 ||     3
       Potion            |       |     1 ||     1
 Stab: Sleeping          |     1 |     3 ||     4
  Eat: Chunk             |     2 |     8 ||    10
Armor: Robe              |    10 |    24 ||    34
Dodge: Dodged            |    43 |    65 ||   108
